AoeStats
← vagabond94

Arena

510503647Analyzed
1v1 RM · 11h ago on Oct 1, 2026· 42m 3s· 2 players
Game mode
Random Map
Map size
Tiny (2 player)
Population
200
Speed
Normal
Resources
Standard
Victory
Conquest
Starting age
Dark Age
Ending age
Imperial Age
RankedLock teamsTeams togetherTeam positionsShared explorationLock speedFull tech treeHidden civsTurbo modeCheats
Victory
Defeat
🇩🇪 Saxons · Germany
1301
+15
🇹🇷 Turks · Türkiye
1281
-15
Crownda Buffalo siken KURT
9:38 Feudal Age
15:37 Castle Age
27:20 Fletching
27:40 Forging
27:28 Double-Bit Axe
33:42 Imperial Age
32:12 Wheelbarrow
31:24 Loom
31:31 Town Watch
31:46 Gold Mining
31:46 Stone Mining
34:06 Masonry
38:35 Bow Saw
39:56 Bodkin Arrow
40:03 Padded Archer Armor
42:43 Bloodlines
42:34 Husbandry
vagabond94
10:55 Feudal Age
14:39 Castle Age
13:59 Double-Bit Axe
14:43 Horse Collar
20:20 Clerical Recruitment
21:34 Forging
30:11 Imperial Age
30:15 Squires
30:00 Arson
31:07 Bow Saw
31:22 Conscription
30:23 Elite Hearth Troop
31:23 Scale Mail Armor
31:59 Block Printing
34:02 Sanctity
34:14 Chain Mail Armor
34:36 Iron Casting
35:35 Redemption
37:03 Loom
38:11 Plate Mail Armor
38:25 Shield Wall
Connection lost

Rejoining the realm…

Still unreachable

The connection could not be restored.

Session expired

The server has moved on; the page needs a fresh start.